 Dungeon Crawl Stone Soup version 0.25-a0-185-g6cfeca75b2 (webtiles) character file.

Game seed: 2356419955119064048, levelgen mode: deterministic

41410 Leeroy the Carver (level 13, -39/114 HPs)
             Began as a Green Draconian Conjurer on Nov 27, 2019.
             Was a High Priest of Nemelex Xobeh.
             Killed from afar by a fire giant (47 damage)
             ... with a fireball
             ... on level 14 of the Dungeon.
             The game lasted 01:30:29 (24679 turns).

Leeroy the Carver (Green Draconian Conjurer)       Turns: 24679, Time: 01:30:29

Health: -39/114    AC: 13    Str: 12      XL:     13   Next: 79%
Magic:  25/25      EV: 16    Int: 23      God:    Nemelex Xobeh [*****.]
Gold:   1202       SH:  0    Dex: 12 (13) Spells: 11/28 levels left

rFire    . . .     SeeInvis .   M - +1 great sword (flame)
rCold    . . .     Gourm    .   (shield currently unavailable)
rNeg     . . .     Faith    .   (armour unavailable)
rPois    +         Spirit   .   r - +2 hat
rElec    .         Reflect  .   (no cloak)
rCorr    .         Harm     .   m - +2 pair of gloves
MR       .....                  (no boots)
Stlth    ++........             o - amulet of regeneration
HPRegen  0.69/turn              Q - +5 ring of intelligence
MPRegen  0.19/turn              w - +5 ring of slaying

@: about to teleport
A: breathe noxious fumes, unfitting armour, talons 1, deterioration 1, poison
resistance, cold-blooded, AC +8
a: Breathe Noxious Fumes, Draw Escape, Draw Destruction, Draw Summoning, Triple
Draw, Deal Four, Stack Five, Renounce Religion


You were on level 14 of the Dungeon.
You worshipped Nemelex Xobeh.
Nemelex Xobeh was extremely pleased with you.
You were not hungry.

You visited 3 branches of the dungeon, and saw 17 of its levels.

You collected 1202 gold pieces.

Inventory:

Hand Weapons
 c - a +2 scimitar of flaming
 K - the +10 war axe of Mana {freeze, rC+ MP+9 Str+3 Dex-5}
   (You found it on level 6 of the Dungeon)

   It has been specially enchanted to freeze those struck by it, causing extra
   injury to most foes and up to half again as much damage against particularly
   susceptible opponents.
   It can also slow down cold-blooded creatures.
   It affects your strength (+3).
   It affects your dexterity (-5).
   It protects you from cold.
   It affects your magic capacity (+9).
 M - a +1 great sword of flaming (weapon)
 O - a +5 dagger of venom
 U - a +2 great sword of draining
Missiles
 h - 3 javelins (quivered)
 k - 123 poisoned darts
 Y - 10 atropa-tipped darts
Armour
 m - a +2 pair of gloves (worn)
 r - a +2 hat (worn)
Magical Staves
 D - an uncursed staff of death
Jewellery
 l - a +3 amulet of reflection
 o - an amulet of regeneration (around neck)
 w - a +5 ring of slaying (right hand)
 E - an uncursed ring of ice
 H - an uncursed amulet of magic regeneration
 Q - a +5 ring of intelligence (left hand)
 Z - an uncursed amulet of rage
Wands
 n - a wand of clouds (6)
 F - a wand of flame (10)
 I - a wand of random effects (30)
 J - a wand of iceblast (39)
 L - a wand of acid (30)
 R - a wand of polymorph (11)
 X - a wand of paralysis (18)
Scrolls
 d - 5 scrolls of teleportation
 e - 2 scrolls of identify
 i - 2 scrolls of fear
 s - 2 scrolls of enchant armour {unknown}
 u - a scroll of random uselessness {unknown}
 v - a scroll of vulnerability {unknown}
 y - 3 scrolls of amnesia
 A - 4 scrolls of enchant weapon
 G - a scroll of holy word {unknown}
 N - 5 scrolls of remove curse
 T - 3 scrolls of magic mapping
Potions
 a - a potion of magic
 f - 4 potions of might {unknown}
 g - 2 potions of berserk rage {unknown}
 j - 4 potions of curing
 p - 3 potions of lignification {unknown}
 t - 4 potions of brilliance {unknown}
 x - 5 potions of cancellation
 z - 4 potions of haste {unknown}
 B - a potion of invisibility {unknown}
 C - a potion of heal wounds {unknown}
 S - 2 potions of agility {unknown}
 V - 2 potions of degeneration {unknown}
 W - 3 potions of resistance {unknown}
Miscellaneous
 P - a lightning rod (4/4)
Comestibles
 b - 28 rations


   Skills:
 - Level 10.4 Fighting
 + Level 10.7 Long Blades
 - Level 6.1 Axes
 - Level 8.2 Dodging
 - Level 1.7 Stealth
 - Level 8.2 Spellcasting
 - Level 9.2 Conjurations
 - Level 6.0 Hexes
 - Level 6.3 Translocations
 - Level 8.0 Invocations


You had 11 spell levels left.
You knew the following spells:

 Your Spells              Type           Power        Failure   Level  Hunger
b - Searing Ray           Conj           ######       1%          2    None
c - Iskenderun's Mystic   Conj           ######..     1%          4    ###....
d - Dazzling Spray        Conj/Hex       #####.       1%          3    None
e - Force Lance           Conj/Tloc      #####...     2%          4    ###....
f - Fulminant Prism       Conj/Hex       #####.....   3%          4    ###....

Your spell library contained the following spells:

 Spells                   Type           Power        Failure   Level  Hunger
 Magic Dart               Conj           ####         1%          1    None
 Summon Guardian Golem    Hex/Summ       ###.....     6%          3    None
 Beastly Appendage        Tmut           #.....       7%          1    None
 Summon Small Mammal      Summ           #...         7%          1    None
 Call Imp                 Summ           #.......     11%         2    None
 Sticks to Snakes         Tmut           #.......     11%         2    None
 Call Canine Familiar     Summ           #.......     21%         3    None
 Spider Form              Tmut/Pois      #.........   21%         3    None
 Ice Form                 Ice/Tmut       #.......     56%         4    ###....
 Summon Ice Beast         Ice/Summ       #.......     56%         4    ###....
 Summon Lightning Spire   Summ/Air       #.......     56%         4    ###....
 Blade Hands              Tmut           #.........   88%         5    #####..


Dungeon Overview and Level Annotations

Branches:
Dungeon (15/15)            Temple (1/1) D:4            Lair (0/6) D:10
    Orc (1/2) D:10         Vaults (0/5) D:13
 Depths: D:15

Altars:
Ashenzari
Cheibriados
Dithmenos
Elyvilon
Fedhas
Gozag
Hepliaklqana
Kikubaaqudgha
Makhleb
Nemelex Xobeh
Okawaru
Qazlal
Ru
Sif Muna
Trog
Uskayaw
Vehumet
Wu Jian
Xom
Yredelemnul
Zin
The Shining One
Beogh

Shops:
D:11 (   D:12 *

Portals:
Trove: D:14 (give 4 potions of resistance)


Innate Abilities, Weirdness & Mutations

You can breathe blasts of noxious fumes.
Your lurid green scales are hard. (AC +8)
You cannot fit into any form of body armour.
Your system is resistant to poisons. (rPois)
You are cold-blooded and may be slowed by cold attacks.
You have sharp toenails.
Your body sometimes deteriorates upon taking damage.


Message History

The cyan ugly thing dies!
Found 18 arrows.
There is a stone staircase leading up here.
You climb upwards.
There is a stone staircase leading down here.
You start resting.
The fire giant is too close now for your liking.
The fire giant shouts!
The fire giant gestures at something while chanting.
The fireball explodes!
The fireball engulfs you!!!
* * * LOW HITPOINT WARNING * * *
Okay, then.
As you read the scroll of fog, it crumbles to dust.
The scroll dissolves into smoke.
As you read the scroll of teleportation, it crumbles to dust.
You feel strangely unstable.
The fire giant gestures at something while chanting.
The fireball explodes!
The fireball engulfs you!!!
You die...
Your body glows with a rainbow of weird colours and disappears.

##)##### #........###..#..##.#
..).# #.###.##.# ##.#.###.# ##..#
#.# #.##.# #.#.# #.# # ##..###
#.# #.##§####.#.###.# ## #.....#
#.###.##§§≈≈...>....###.
....#.####...§..§≈§§≈§##.######..
#............§§§§§§<§≈≈#.######..
##).#######..#§§§§§§.≈§≈..°○°....
##..# ##.≈§§@8§.8.§§§#######.
....# #..§§8##''##8§≈#* ## ##.##
#.≈≈§##....##≈≈≈# # #.#
#.≈≈##.....C##≈≈# #.#
#§§§#,,####..#≈≈# #.#
##≈≈#..#,,*..#≈§# ### ##.#
#≈≈#..#.[*..#≈≈#####.. ...#
#≈≈#..#'##..#≈§##..... ...#
#≈§##......##≈≈#..##..


You could see a fire giant.

Vanquished Creatures
  Rupert (D:12)
  A fire giant (D:13)
  Snorg (D:12)
  Erolcha (D:10)
  Harold (D:8)
  2 hydras
  Fannar (D:10)
  4 centaur warriors
  3 two-headed ogres
  A skeletal warrior (D:14)
  A glowing orange brain (D:10)
  2 unseen horrors
  A necromancer (D:13)
  A deep elf mage (D:15)
  4 manticores
  10 ugly things
  A cyclops (D:12)
  A centaur zombie (D:13)
  A spiny frog (shapeshifter) (D:13)
  2 komodo dragons
  A meliai (shapeshifter) (D:13)
  A polar bear (D:14)
  A queen bee (shapeshifter) (D:13)
  5 trolls
  A jumping spider (shapeshifter) (D:13)
  Grinder (D:6)
  Prince Ribbit (D:6)
  4 hippogriffs
  A slime creature (D:12)
  A dream sheep (D:8)
  17 yaks
  4 wyverns
  A spriggan (D:11)
  A centaur simulacrum (D:14)
  A shadow (D:14)
  Sigmund (D:2)
  6 wraiths
  A fire elemental (D:14)
  A human (D:12)
  A steam dragon (D:10)
  A hungry ghost (D:13)
  2 acid dragons
  Edmund (D:6)
  4 vampire mosquitoes
  2 wargs (D:10)
  A soldier ant (D:14)
  7 orc warriors
  4 ice beasts (D:14)
  A meliai simulacrum (D:14)
  A phantom (D:4)
  16 centaurs
  4 ogres
  A wolf (D:14)
  An eye of draining (shapeshifter) (D:13)
  3 crocodiles (D:10)
  Blork the orc (D:6)
  9 bullfrogs
  2 wyvern zombies
  A gnoll sergeant (D:10)
  A wyvern skeleton (D:14)
  6 scorpions
  11 killer bees
  7 wights
  2 vampire bats (D:3)
  4 howler monkeys
  An electric eel (D:14)
  3 crimson imps
  2 lava snakes (D:14)
  5 centaur skeletons
  6 hounds
  5 jellies
  7 orc wizards
  7 orc priests
  A bullfrog skeleton (D:9)
  Terence (D:2)
  7 iguanas
  7 worker ants
  2 hound skeletons
  3 worker ant zombies
  3 gnolls (D:8)
  A howler monkey zombie (D:9)
  6 adders
  5 shadow imps
  8 white imps (D:14)
  2 ufetubi (D:14)
  3 oozes
  2 adder skeletons
  A worm (D:5)
  3 dart slugs
  5 leopard geckos
  47 orcs
  8 bats
  3 bat skeletons (D:3)
  3 bat zombies (D:3)
  3 giant cockroaches
  A goblin (D:1)
  9 hobgoblins
  20 jackals
  10 quokkas
  A ball python (D:4)
  4 frilled lizards
  A jackal skeleton (D:7)
  7 kobolds
  4 rats
401 creatures vanquished.

Vanquished Creatures (collateral kills)
  3 skeletal warriors
  An ugly thing (D:15)
  A polar bear (D:14)
5 creatures vanquished.

Vanquished Creatures (others)
  Pikel (D:5)
  A vampire mosquito (D:12)
  A wight (D:6)
  A jelly (D:14)
  An orc priest (D:12)
  An orc (D:9)
  A kobold (D:12)
  55 fulminant prisms
62 creatures vanquished.

Grand Total: 468 creatures vanquished

Notes
Turn   | Place    | Note
-------+----------+-------------------------------------------
     0 | D:1      | Leeroy the Draconian Conjurer began the quest for the Orb.
     0 | D:1      | Reached XP level 1. HP: 14/14 MP: 3/3
   335 | D:1      | Reached XP level 2. HP: 9/20 MP: 0/5
   339 | D:1      | Learned a level 2 spell: Searing Ray
  1428 | D:2      | Reached skill level 5 in Conjurations
  1428 | D:2      | Reached XP level 3. HP: 26/26 MP: 6/6
  1515 | D:2      | Noticed Terence
  1960 | D:2      | Noticed Sigmund
  2091 | D:3      | Found a shimmering blue altar of Sif Muna.
  2254 | D:3      | Noticed a bullfrog
  2261 | D:3      | Killed a bullfrog
  2261 | D:3      | Reached XP level 4. HP: 13/33 MP: 2/7
  2544 | D:3      | Learned a level 4 spell: Iskenderun's Mystic Blast
  2677 | D:3      | Found an ancient bone altar of Kikubaaqudgha.
  2696 | D:3      | Reached XP level 5. HP: 38/38 MP: 4/8
  3842 | D:4      | Found a staircase to the Ecumenical Temple.
  3861 | Temple   | Entered the Ecumenical Temple
  3874 | Temple   | Became a worshipper of Nemelex Xobeh the Trickster
  3892 | D:4      | Found an iron altar of Okawaru.
  3892 | D:4      | Received a gift from Nemelex Xobeh
  3917 | Temple   | Reached XP level 6. HP: 45/45 MP: 6/9
  4564 | D:4      | Reached skill level 1 in Fighting
  4667 | D:5      | Entered Level 5 of the Dungeon
  4701 | D:5      | Your scales start taking on a lurid green colour.
  4701 | D:5      | Reached XP level 7. HP: 52/55 MP: 13/13
  4701 | D:5      | Gained mutation: Your system is resistant to poisons.
                  | (rPois) [Green Draconian growth]
  4976 | D:5      | Reached * piety under Nemelex Xobeh
  4993 | D:5      | Found a glowing silver altar of Zin.
  5102 | D:5      | Learned a level 3 spell: Dazzling Spray
  5104 | D:5      | Found an ornate altar of the Wu Jian Council.
  5276 | D:6      | Noticed Prince Ribbit
  5287 | D:6      | Killed Prince Ribbit
  5287 | D:6      | Reached skill level 5 in Fighting
  5321 | D:6      | Reached skill level 1 in Invocations
  5455 | D:5      | Reached XP level 8. HP: 53/69 MP: 14/14
  5737 | D:6      | Found an opulent altar of Gozag.
  5737 | D:6      | Found a stormy altar of Qazlal.
  5738 | D:6      | Found a snail-covered altar of Cheibriados.
  5742 | D:6      | Got a brightly glowing war axe
  5743 | D:6      | Identified the +10 war axe of Mana {freeze, rC+ MP+9 Str+3
                  | Dex-5} (You found it on level 6 of the Dungeon)
  5955 | D:6      | Noticed Edmund
  5966 | D:6      | Killed Edmund
  5966 | D:6      | Reached skill level 5 in Invocations
  6242 | D:6      | Noticed Blork the orc
  6264 | D:6      | Killed Blork the orc
  6417 | D:6      | Noticed Grinder
  6425 | D:6      | Paralysed by Grinder for 3 turns
  6432 | D:6      | Killed Grinder
  6452 | D:6      | Noticed Pikel
  6791 | D:5      | Killed Pikel
  6791 | D:5      | Reached XP level 9. HP: 19/83 MP: 15/15
  7265 | D:6      | Found a white marble altar of Elyvilon.
  7543 | D:7      | Found a bloodstained altar of Trog.
  7544 | D:7      | Received a gift from Nemelex Xobeh
  7644 | D:7      | Reached skill level 10 in Fighting
  7832 | D:7      | Learned a level 4 spell: Force Lance
  7972 | D:7      | Reached ** piety under Nemelex Xobeh
  8140 | D:8      | Noticed Erica
  8288 | D:2      | Killed Terence
  8405 | D:2      | Killed Sigmund
  8405 | D:2      | Reached skill level 5 in Spellcasting
  8417 | D:2      | Learned a level 4 spell: Fulminant Prism
  9343 | D:8      | Noticed Harold
  9474 | D:8      | Noticed Erica
  9474 | D:8      | Erica changed into Erica the dream sheep
  9475 | D:8      | Paralysed by Harold for 4 turns
  9480 | D:8      | Paralysed by Harold for 7 turns
  9488 | D:8      | Killed Erica the dream sheep
  9501 | D:8      | Killed Harold
  9857 | D:8      | Reached XP level 10. HP: 92/93 MP: 21/21
 10000 | D:9      | Received a gift from Nemelex Xobeh
 10146 | D:9      | Noticed a +0 hand axe
 10146 | D:9      | Noticed a +0 dagger
 10147 | D:9      | Found a hide-covered altar of Uskayaw.
 10229 | D:9      | Received a gift from Nemelex Xobeh
 10241 | D:9      | Found a radiant altar of Vehumet.
 10373 | D:9      | Noticed a two-headed ogre
 10412 | D:9      | Killed a two-headed ogre
 10412 | D:9      | Reached skill level 5 in Dodging
 10627 | D:9      | Reached *** piety under Nemelex Xobeh
 10637 | D:9      | Received a gift from Nemelex Xobeh
 10907 | D:10     | Entered Level 10 of the Dungeon
 10933 | D:10     | Noticed a centaur warrior
 10980 | D:10     | Killed a centaur warrior
 11136 | D:10     | Noticed a two-headed ogre
 11382 | D:10     | Noticed Erolcha
 11597 | D:10     | Reached skill level 1 in Axes
 11614 | D:10     | Noticed Josephine
 11641 | D:9      | Reached XP level 11. HP: 83/99 MP: 18/23
 11983 | D:10     | Noticed Josephine
 11983 | D:10     | Josephine changed into Josephine the glowing orange brain
 12000 | D:10     | Killed Josephine the glowing orange brain
 12433 | D:10     | Found a roughly hewn altar of Beogh.
 12433 | D:10     | Found a staircase to the Orcish Mines.
 12547 | D:10     | Noticed Fannar
 12565 | D:10     | Killed Fannar
 12565 | D:10     | Reached skill level 5 in Axes
 12873 | D:10     | Found a staircase to the Lair.
 12881 | D:10     | Reached skill level 1 in Long Blades
 13246 | D:10     | Killed Erolcha
 13437 | D:10     | Killed a two-headed ogre
 13437 | D:10     | Reached skill level 5 in Long Blades
 14418 | D:11     | Noticed a red ugly thing
 14890 | D:9      | You fall into a shaft and drop 3 floors!
 15144 | D:12     | Noticed Snorg
 15155 | D:12     | Reached **** piety under Nemelex Xobeh
 15160 | D:11     | Received a gift from Nemelex Xobeh
 15201 | D:11     | Found Woclyah's Antique Weapon Shoppe.
 15285 | D:11     | Received a gift from Nemelex Xobeh
 15534 | D:11     | Noticed a six-headed hydra
 15627 | D:12     | Noticed Rupert
 15662 | D:12     | Paralysed by Rupert for 6 turns
 15670 | D:12     | Killed Rupert
 15670 | D:12     | Reached XP level 12. HP: 34/107 MP: 24/24
 15939 | D:12     | Received a gift from Nemelex Xobeh
 16404 | Orc:1    | Entered Level 1 of the Orcish Mines
 16405 | Orc:1    | Noticed an orc high priest
 16882 | D:11     | Killed a one-headed hydra
 17170 | D:11     | Reached ***** piety under Nemelex Xobeh
 17778 | D:12     | Received a gift from Nemelex Xobeh
 17831 | D:12     | Found Ciocatau's Assorted Antiques.
 18714 | D:12     | Reached skill level 1 in Translocations
 18826 | D:12     | Killed Snorg
 19613 | D:13     | Gained mutation: Your body sometimes deteriorates upon
                  | taking damage. [potion of mutation]
 19613 | D:13     | Gained mutation: You have sharp toenails. [potion of
                  | mutation]
 19614 | D:13     | Got a bone battleaxe
 19615 | D:13     | Identified the +10 battleaxe of Division {chop, Fragile
                  | rN++ Str+6} (You found it on level 13 of the Dungeon)
 19767 | D:13     | Received a gift from Nemelex Xobeh
 19770 | D:13     | Reached skill level 5 in Translocations
 20090 | D:13     | Noticed a centaur warrior
 20115 | D:13     | Killed a centaur warrior
 20204 | D:13     | Reached skill level 1 in Hexes
 20231 | D:13     | Received a gift from Nemelex Xobeh
 20253 | D:13     | Found a gate to the Vaults.
 20491 | D:13     | Noticed a centaur warrior
 20492 | D:13     | Noticed a fire giant
 20837 | D:13     | Reached XP level 13. HP: 114/114 MP: 25/25
 20991 | D:13     | Killed a fire giant
 20991 | D:13     | Reached skill level 5 in Hexes
 21744 | D:14     | Noticed a fire giant
 22298 | D:14     | Received a gift from Nemelex Xobeh
 22683 | D:14     | Found a portal to a secret trove of treasure.
 22917 | D:14     | Received a gift from Nemelex Xobeh
 24290 | D:15     | Entered Level 15 of the Dungeon
 24538 | D:15     | Reached skill level 10 in Long Blades
 24679 | D:14     | Killed from afar by a fire giant

Levels and vault maps discovered:
D:1:      eino_arrival_water_star, layout_basic, minmay_tiny_reverse_x
D:2:      layout_basic, first_ration, kennysheep_nub, uniq_terence, uniq_sigmund
D:3:      layout_basic, kennysheep_vampire_church, lemuel_doored_altar
D:4:      layout_loops_ring, minmay_temple_entry_drinking_statues,
          nrook_campfire, okawaru_trees_2
D:5:      layout_rooms, nicolae_overflow_crystal_walls, marbit_many_paths
D:6:      minmay_razor_zed, layout_loops_ring, kennysheep_mini_moat,
          gammafunk_temple_overflow_claw, uniq_grinder, uniq_edmund,
          uniq_prince_ribbit1, uniq_blork_the_orc, uniq_pikel
D:7:      layout_loops_ring, lightli_temple_of_fire
D:8:      layout_basic, uniq_erica, uniq_harold
D:9:      layout_basic, dancing_weapons_uskayaw, fiery_altar_vehumet,
          st_stairs_6
D:10:     layout_stronghold, erik_lair_dragon, david_orc_5,
          lightli_fourway_metalbox, uniq_erolcha, uniq_fannar, uniq_josephine
D:11:     layout_grid_maze, serial_shops, nicolae_shop_overgrown_old_shop,
          gauntlet_entry_generic
D:12:     layout_basic, serial_shops, shop, hangedman_stone_soup, uniq_rupert,
          uniq_snorg
D:13:     hangedman_cross_veins, layout_loops_corners, david_vaults_2
D:14:     layout_loops_corners, enter_trove_2, serial_ice, serial_ice_o,
          serial_ice_f, serial_ice_a, serial_ice_c, serial_ice_m, serial_ice_l,
          serial_ice_b, serial_ice_e, hangedman_abyss_or_decor_stabs,
          kennysheep_island_fort
D:15:     grunt_enter_depths_magical_seal, layout_gridville,
          grunt_dithmenos_shadows, uniq_kirke
Temple:   minmay_freezing_vapour_temple
Orc:1:    layout_diamond_mine, enter_volcano_2, mines2_lemuel, uniq_gastronok

Skill      XL: |  1  2  3  4  5  6  7  8  9 10 11 12 13 |
---------------+----------------------------------------+-----
Conjurations   | 5 6 8 9 |  9.2
Dodging        | 3 8 |  8.2
Spellcasting   | 4 7 8 |  8.2
Fighting       | 2 5 9 10 | 10.4
Invocations    | 2 5 8 |  8.0
Axes           | 2 6 |  6.1
Long Blades    | 6 10 | 10.7
Translocations | 6 |  6.3
Hexes          | 4 6 |  6.0
Stealth        | |  1.7

Action                   |  1- 3 |  4- 6 |  7- 9 | 10-12 | 13-15 || total
-------------------------+-------+-------+-------+-------+-------++-------
Melee: Unarmed           |    56 |       |       |       |       ||    56
       Dagger            |    67 |   110 |       |       |     3 ||   180
       Tailslap          |     8 |    16 |    19 |    46 |    25 ||   114
       Short sword       |       |    85 |   147 |       |       ||   232
       War axe           |       |       |   123 |   352 |     6 ||   481
       Scimitar          |       |       |       |    45 |    76 ||   121
       Flail             |       |       |       |    21 |       ||    21
       Battleaxe         |       |       |       |    51 |    33 ||    84
       Kick              |       |       |       |    12 |    42 ||    54
       Great sword       |       |       |       |       |    21 ||    21
Throw: Dart              |       |     4 |       |       |       ||     4
       Stone             |       |     1 |       |       |       ||     1
 Cast: Magic Dart        |    22 |       |     1 |       |       ||    23
       Searing Ray       |     6 |     7 |     1 |       |     1 ||    15
       Iskenderun's Myst |       |     6 |    13 |    22 |    27 ||    68
       Dazzling Spray    |       |       |     3 |     7 |     4 ||    14
       Force Lance       |       |       |       |    27 |    12 ||    39
       Fulminant Prism   |       |       |       |    31 |    24 ||    55
Invok: Triple Draw       |       |       |       |       |     1 ||     1
 Abil: Breathe Noxious F |       |       |     3 |     4 |       ||     7
       Draw Destruction  |       |       |     6 |    25 |    11 ||    42
       Draw Summoning    |       |       |     1 |     3 |     4 ||     8
       Draw Escape       |       |       |     1 |       |     1 ||     2
  Use: Scroll            |       |       |     7 |    15 |     5 ||    27
       Potion            |       |       |       |     5 |       ||     5
 Stab: Sleeping          |     2 |     4 |     2 |     1 |     1 ||    10
       Distracted        |       |       |       |     1 |       ||     1
       Confused          |       |       |       |     1 |       ||     1
  Eat: Chunk             |     5 |    10 |    16 |    32 |     6 ||    69
       Ration            |       |       |     1 |     3 |     3 ||     7
Armor: Skin              |    76 |   138 |   117 |   242 |    71 ||   644
Dodge: Dodged            |   142 |   221 |   193 |   594 |   118 ||  1268
       Rpst.: Scimitar   |       |       |       |    16 |    13 ||    29
       Great sword       |       |       |       |       |    11 ||    11

Table legend:
 A = Non-vault XP
 B = Vault XP
 C = Vault XP percentage of total XP
 D = Non-vault monster count
 E = Vault monster count
 F = Vault count percentage of total count
                 A         B        C        D         E       F
            +---------+---------+-------+---------+---------+-------
      Total |   34175 |   24983 |  42.2 |     297 |     110 |  27.0
            +---------+---------+-------+---------+---------+-------
        D:1 |      29 |       3 |   9.4 |      17 |       2 |  10.5
        D:2 |      37 |     248 |  87.0 |      11 |       2 |  15.4
        D:3 |     155 |     124 |  44.4 |      22 |       8 |  26.7
        D:4 |     364 |       0 |   0.0 |      15 |       0 |   0.0
        D:5 |     440 |     676 |  60.6 |      29 |       2 |   6.5
        D:6 |     568 |    1112 |  66.2 |      15 |      11 |  42.3
        D:7 |     333 |       0 |   0.0 |       8 |       0 |   0.0
        D:8 |     298 |    1256 |  80.8 |      13 |       2 |  13.3
        D:9 |    3550 |     630 |  15.1 |      31 |       4 |  11.4
       D:10 |    3698 |    5378 |  59.3 |      28 |      34 |  54.8
       D:11 |    3305 |     220 |   6.2 |      20 |       1 |   4.8
       D:12 |    5516 |    4138 |  42.9 |      27 |       4 |  12.9
       D:13 |    4889 |    8899 |  64.5 |      15 |      20 |  57.1
       D:14 |    6761 |    1716 |  20.2 |      32 |      19 |  37.3
       D:15 |    4144 |     583 |  12.3 |      11 |       1 |   8.3
     Temple |      45 |       0 |   0.0 |       2 |       0 |   0.0
      Orc:1 |      43 |       0 |   0.0 |       1 |       0 |   0.0
            +---------+---------+-------+---------+---------+-------
